 Dungeon Sprint DCSS version 0.21.1-1-g345015fe64 (webtiles) character file.

317 Jannitor the Transmogrifier (level 6, -10/40 HPs)
             Began as a Felid Transmuter on June 4, 2018.
             Was a Follower of Nemelex Xobeh.
             Mangled by a lorocyproca (19 damage)
             ... in the Dungeon (Sprint I: "Red Sonja").
             The game lasted 00:04:27 (927 turns).

Jannitor the Transmogrifier (Felid Transmuter)       Turns: 927, Time: 00:04:28

Health: -10/40     AC:  6    Str:  6    XL:     6   Next: 20%
Magic:  0/15       EV: 15    Int: 16    God:    Nemelex Xobeh [*.....]
Gold:   486        SH:  0    Dex: 17    Spells: 6/16 levels left
                                        Lives:  0   Deaths: 2

rFire    x . .     SeeInvis +     - Unarmed
rCold    + + +     Gourm    .   (shield unavailable)
rNeg     . . .     Faith    .   (armour unavailable)
rPois    +         Spirit   .   (helmet unavailable)
rElec    .         Reflect  .   (cloak unavailable)
rCorr    .         Harm     .   (gloves unavailable)
MR       .....     NoTele   +   (boots unavailable)
Stlth    ++........             (no amulet)
HPRegen  0.13/turn              (no ring)
MPRegen  0.14/turn              (no ring)

@: ice-form
A: large, no armour, no weapons or thrown items, stealth, see invisible,
carnivore, slow metabolism 1
a: End Transformation, Renounce Religion


You were in the Dungeon.
You worshipped Nemelex Xobeh.
Nemelex Xobeh was aware of your devotion.
You were not hungry.
You were a creature of crystalline ice.
You visited 1 branch You collected 486 gold pieces.

Inventory:

Scrolls
 i - a scroll of blinking
Potions
 f - a potion of haste
 g - 2 potions of magic
Books
 b - a book of Changes

   Spells                             Type                      Level
   a - Beastly Appendage              Transmutation                1
   b - Sticks to Snakes               Transmutation                2
   c - Spider Form                    Transmutation/Poison         3
   d - Ice Form                       Ice/Transmutation            4
   e - Blade Hands                    Transmutation                5
Miscellaneous
 e - a plain deck of summoning {drawn: 2}
 h - a plain deck of summoning
Comestibles
 c - a ration


   Skills:
 + Level 9.2 Fighting
 + Level 8.0 Dodging
 + Level 9.7 Unarmed Combat
 + Level 5.6 Spellcasting
 + Level 10.1 Transmutations
 + Level 3.6 Invocations


You had 6 spell levels left.
You knew the following spells:

 Your Spells              Type           Power        Failure   Level  Hunger
a - Beastly Appendage     Tmut           #####.       1%          1    None
b - Spider Form           Tmut/Pois      ###.......   5%          3    ##.....
c - Sticks to Snakes      Tmut           #####...     1%          2    #......
d - Ice Form              Ice/Tmut       ###.....     17%         4    ####...


Dungeon Overview and Level Annotations

Branches:
Dungeon (1/1)

Altars:
Cheibriados
Dithmenos
Elyvilon
Fedhas
Gozag
Hepliaklqana
Kikubaaqudgha
Makhleb
Nemelex Xobeh
Okawaru
Qazlal
Ru
Sif Muna
Trog
Uskayaw
Vehumet
Wu Jian
Xom
Yredelemnul
Zin
The Shining One
Jiyva
Lugonu

Shops:
D %


Innate Abilities, Weirdness & Mutations

You cannot wear armour.
You are incapable of wielding weapons or throwing items.
Your paws allow you to move quietly. (Stealth)
((You have sharp claws.))
((You have razor-sharp teeth.))
You have supernaturally acute eyesight. (SInv)
You are carnivorous and can eat meat at any time.
((You cover ground quickly.))
((You are covered in thick fur. (AC +2)))
You have a slow metabolism.
((Your sharp claws are effective at attacking unaware monsters.))


Message History

The lorocyproca is lightly wounded.
The lorocyproca barely misses you.
You hit the lorocyproca. You freeze the lorocyproca.
The lorocyproca is lightly wounded.
The lorocyproca hits you!
* * * LOW HITPOINT WARNING * * *
You hit the lorocyproca but do no damage.
The lorocyproca is lightly wounded.
The lorocyproca closely misses you.
Unknown command.
You hit the lorocyproca but do no damage.
The lorocyproca is lightly wounded.
Press: ? - help, v - describe, . - travel
Here: a lorocyproca (lightly wounded, slightly transparent)
An open door.
You punch the lorocyproca! You freeze the lorocyproca.
The lorocyproca is moderately wounded.
The lorocyproca hits you!!
You die...
Your body disappears without a glow.

###########**######**************
#__#..v.SS#,,#§§§k+,,,,,,+,,*,,+,
'..'..#vss##+#§####,,,,,**,,+,,*,
#__####)ss'..#§#Y#**,,,*******+*,
####,,#####..+§#2#,***+*,,,**,,*,
#≈≈≈,,*,,**+####^.$#y#,**,,,*,,**
+≈≈≈,,+,,*,,,,,#..$###,,***,*,,≈*
#≈≈≈,,*,,*,,,,,+..$$$#*,*,*,*,,≈,
#*+*****+***,,,#.....#,,***,*,,≈,
*,,,,***,+,*,,,###++##,**,,,*,,≈*
**+***,***,*,,***,,***,,*+***,,≈*
,,,,,+,∩**,*,,****,,***,,,*,≈,,**


You could see a lorocyproca (invisible).

Vanquished Creatures
  2 kobold demonologists (D)
  A slime creature (D)
  Sigmund (D)
  A yak (D)
  A floating eye (D)
  An ogre (D)
  A jelly (D)
  Ijyb (D)
9 creatures vanquished.

Notes
Turn   | Place    | Note
-------+----------+-------------------------------------------
     0 | D        | Jannitor the Felid Transmuter began the quest for the Orb.
     0 | D        | Reached XP level 1. HP: 9/9 MP: 4/4
     2 | D        | Noticed Ijyb
    11 | D        | Killed Ijyb
    11 | D        | Reached skill level 4 in Transmutations
    11 | D        | Reached XP level 2. HP: 14/14 MP: 4/6
    13 | D        | Noticed an ogre
    15 | D        | Killed an ogre
    15 | D        | Reached skill level 5 in Fighting
    15 | D        | Reached skill level 6 in Transmutations
    15 | D        | Reached XP level 3. HP: 19/19 MP: 4/7
    15 | D        | Reached XP level 4. HP: 23/23 MP: 4/8
    41 | D        | Learned a level 3 spell: Spider Form
    46 | D        | Learned a level 2 spell: Sticks to Snakes
    46 | D        | Noticed Sigmund
    58 | D        | Killed Sigmund
    58 | D        | Reached skill level 8 in Transmutations
    58 | D        | Reached XP level 5. HP: 28/28 MP: 4/9
   219 | D        | Found a deep blue altar of Sif Muna.
   220 | D        | Found an ornate altar of the Wu Jian Council.
   225 | D        | Found a radiant altar of Vehumet.
   230 | D        | Gained mutation: You are covered in thick fur. (AC +2) [Felid growth]
   230 | D        | Reached XP level 6. HP: 26/33 MP: 5/10
   234 | D        | Found Naaqaan's Food Emporium.
   234 | D        | Found an ancient bone altar of Kikubaaqudgha.
   234 | D        | Found a hazy altar of Hepliaklqana.
   234 | D        | Found a stormy altar of Qazlal.
   234 | D        | Found a hide-covered altar of Uskayaw.
   234 | D        | Found a blossoming altar of Fedhas.
   234 | D        | Found a bloodstained altar of Trog.
   234 | D        | Found an iron altar of Okawaru.
   234 | D        | Found a basalt altar of Yredelemnul.
   234 | D        | Found a glowing golden altar of the Shining One.
   234 | D        | Found a snail-covered altar of Cheibriados.
   234 | D        | Found a sacrificial altar of Ru.
   234 | D        | Found a glowing silver altar of Zin.
   234 | D        | Found a shadowy altar of Dithmenos.
   234 | D        | Found a white marble altar of Elyvilon.
   234 | D        | Noticed a yak
   235 | D        | Found an opulent altar of Gozag.
   247 | D        | Killed a yak
   247 | D        | Reached skill level 5 in Dodging
   250 | D        | Found a sparkling altar of Nemelex Xobeh.
   382 | D        | Became a worshipper of Nemelex Xobeh the Trickster
   399 | D        | Found a viscous altar of Jiyva.
   399 | D        | Found a corrupted altar of Lugonu.
   399 | D        | Noticed a slime creature
   400 | D        | Found a burning altar of Makhleb.
   400 | D        | Found a shimmering altar of Xom.
   400 | D        | Received a gift from Nemelex Xobeh
   415 | D        | Killed a slime creature
   415 | D        | Reached skill level 9 in Transmutations
   415 | D        | Reached XP level 7. HP: 23/37 MP: 9/14
   634 | D        | Learned a level 4 spell: Ice Form
   649 | D        | Noticed a kobold demonologist
   650 | D        | Noticed a kobold demonologist
   654 | D        | Reached skill level 1 in Invocations
   660 | D        | Noticed an ice devil
   660 | D        | Killed a kobold demonologist
   660 | D        | Reached skill level 5 in Spellcasting
   665 | D        | Killed a kobold demonologist
   665 | D        | Reached skill level 10 in Transmutations
   665 | D        | Reached XP level 8. HP: 11/42 MP: 11/17
   888 | D        | Noticed a demonic crawler
   888 | D        | Noticed a demonic crawler
   888 | D        | Noticed a demonic crawler
   888 | D        | Noticed a demonic crawler
   895 | D        | Slain by a demonic crawler
   896 | D        | Reached XP level 7. HP: -1/45 MP: 12/16
   897 | D        | Received a gift from Nemelex Xobeh
   899 | D        | Noticed a lindwurm
   908 | D        | Killed from afar by a lindwurm
   909 | D        | Reached XP level 6. HP: -24/34 MP: 14/15
   909 | D        | Reached * piety under Nemelex Xobeh
   910 | D        | Noticed a lorocyproca
   913 | D        | Noticed a meliai
   927 | D        | Mangled by a lorocyproca

Skill      XL: |  1  2  3  4  5  6  7 |
---------------+----------------------+-----
Fighting       | 3 5 7 8 9 |  9.2
Unarmed Combat | 4 6 7 8 9 |  9.7
Transmutations | 4 6 8 9 10 | 10.1
Dodging        | 3 6 8 |  8.0
Spellcasting   | 4 5 |  5.6
Invocations    | 3 |  3.6

Action                   |  1- 3 |  4- 6 |  7- 9 || total
-------------------------+-------+-------+-------++-------
Melee: Unarmed           |     7 |    42 |    21 ||    70
       Bite              |     3 |       |       ||     3
 Cast: Beastly Appendage |     1 |       |       ||     1
       Sticks to Snakes  |       |     5 |     2 ||     7
       Spider Form       |       |     4 |     2 ||     6
       Ice Form          |       |     1 |     1 ||     2
Evoke: Deck              |       |       |     2 ||     2
  Use: Potion            |     1 |     1 |     1 ||     3
       Scroll            |       |     1 |       ||     1
 Stab: Distracted        |       |     1 |       ||     1
       Sleeping          |       |     1 |       ||     1
Armor: Skin              |       |       |     8 ||     8
Dodge: Dodged            |     6 |    24 |    47 ||    77
